 Dungeon Crawl Stone Soup version 0.10.0-21-g6e717ff character file.

30535 sstrickl the Thaumaturge (level 13, -13/94 HPs)
             Began as a Naga Conjurer on Mar 3, 2012.
             Was a High Priest of Vehumet.
             Mangled by a slime creature (15 damage)
             ... on Level 13 of the Dungeon.
             The game lasted 01:35:05 (21252 turns).

sstrickl the Thaumaturge (Naga Conjurer)           Turns: 21252, Time: 01:35:05

HP -13/94        AC  8     Str 11      XL: 13   Next: 31%
MP  19/32        EV 14     Int 20      God: Vehumet [*****.]
Gold 943         SH  0     Dex 12      Spells:  7 memorised, 14 levels left

Res.Fire  : + . .   See Invis. : +   a - +2,+8 elf short sword (venom)
Res.Cold  : . . .   Warding    : . . S - +1 elf leather armour {rF+}
Life Prot.: . . .   Conserve   : .   (no shield)
Res.Acid. : . . .   Res.Corr.  : .   (helmet restricted)
Res.Poison: +       Clarity    : +   n - +0 cloak
Res.Elec. : .       Spirit.Shd : .   N - +0 pair of orc gauntlets
Sust.Abil.: . .     Stasis     : .   (no barding)
Res.Mut.  : .       Ctrl.Telep.: .   Y - cursed amulet of clarity
Res.Rott. : .       Levitation : .   L - +4,+5 ring of slaying
Saprovore : . . .   Ctrl.Flight: .   r - +3 ring of evasion

@: hasted, quick, quite resistant to hostile enchantments, fairly stealthy
A: spit poison, constrict 1, antennae 1, see invisible, deformed body, poison
resistance, slowness 2, EV +2
a: Spit Poison, Renounce Religion


You were on level 13 of the Dungeon.
You worshipped Vehumet.
Vehumet was exalted by your worship.
You were not hungry.

You visited 3 branches of the dungeon, and saw 17 of its levels.
You visited 1 Labyrinth.

You collected 923 gold pieces.

Inventory:

Hand weapons
 a - a +2,+8 elven short sword of venom (weapon)
 b - the +5,+3 battleaxe "Biecoc" {elec, Hunger rElec rC+ Int+3}
   (You took it off a big kobold on level 6 of the Dungeon)

   Occasionally, upon striking a foe, it will discharge some electrical energy
   and cause terrible harm.
   It affects your intelligence (+3).
   It protects you from cold.
   It insulates you from electricity.
   It speeds your metabolism.
 R - a +2,+0 whip of flaming
Armour
 n - a +0 cloak (worn)
 N - a +0 pair of orcish gauntlets (worn)
 S - a +1 elven leather armour of fire resistance (worn)
Magical devices
 f - a wand of confusion (6) {unknown}
 k - a wand of flame (16)
 l - a wand of random effects (26) {unknown}
 u - a wand of digging (11) {unknown}
 v - a wand of magic darts (12)
 y - a wand of paralysis (4)
 z - a wand of invisibility (1)
 B - a wand of fire (2)
 P - a wand of cold (9)
 X - a wand of magic darts (14)
 Z - a wand of disintegration (5)
Comestibles
 K - 3 bread rations
Scrolls
 d - a scroll of curse weapon {unknown}
 e - 2 scrolls of detect curse
 g - a scroll of identify
 i - 3 scrolls of teleportation
 o - 2 scrolls of fog
 p - a scroll of enchant weapon II
 q - a scroll of amnesia
 t - a scroll of immolation {unknown}
 w - a scroll of magic mapping {unknown}
Jewellery
 r - a +3 ring of evasion (left hand)
 s - an uncursed ring of teleportation
 I - an uncursed ring of fire
 L - a +4,+5 ring of slaying (right hand)
 O - an uncursed ring of ice
 T - an uncursed amulet of stasis
 Y - a cursed amulet of clarity (around neck)
Potions
 c - 2 potions of porridge {unknown}
 m - a potion of agility
 x - 2 potions of speed
 A - 4 potions of curing
Books
 h - a book of Conjurations

   Spells                             Type                      Level
   *Magic Dart                        Conjuration                  1
   *Throw Frost                       Conjuration/Ice              2
   *Mephitic Cloud                    Conjuration/Poison/Air       3
   *Lightning Bolt                    Conjuration/Air              5
   Bolt of Cold                       Conjuration/Ice              6
   *Freezing Cloud                    Conjuration/Ice/Air          6
 j - a book of Power {god gift}

   Spells                             Type                      Level
   Iskenderun's Mystic Blast          Conjuration                  4
   Venom Bolt                         Conjuration/Poison           5
   Bolt of Magma                      Conjuration/Fire/Earth       5
   Poisonous Cloud                    Conjuration/Poison/Air       6
   Iron Shot                          Conjuration/Earth            6
   Mass Confusion                     Hexes                        6
   Orb of Destruction                 Conjuration                  7
Magical staves
 C - a -1 rod of destruction [inacc,magma,cold] (9/9)
   (You found it on level 11 of the Dungeon)
 E - a staff of channeling


   Skills:
 - Level 1.5 Dodging
 - Level 3.3 Stealth
 * Level 13.2 Spellcasting
 + Level 10.8 Conjurations
 + Level 10.8 Ice Magic
 + Level 11.1 Air Magic
 - Level 3.3 Poison Magic


You had 14 spell levels left.
You knew the following spells:

 Your Spells              Type           Power        Failure   Level  Hunger
a - Magic Dart            Conj           #####        1%          1    None
b - Throw Frost           Ice/Conj       #######      1%          2    None
c - Mephitic Cloud        Pois/Air/Conj  ######...    1%          3    None
d - Lightning Bolt        Air/Conj       #######...   1%          5    Choko
e - Freezing Cloud        Ice/Air/Conj   #######...   3%          6    Honeycomb
f - Airstrike             Air            #######...   1%          4    None
g - Flight                Air/Chrm       ######....   1%          3    None


Dungeon Overview and Level Annotations

Branches:
Dungeon (14/27)            Temple (1/1) D:5             Orc (0/4) D:8
   Lair (2/8) D:13
  Swamp: Lair:2-5     Vault: D:14-19

Altars:
Cheibriados
Fedhas
Makhleb
The Shining One
Trog
Vehumet
Xom
Yredelemnul
Zin

Shops:
D:13: +

Annotations
D:12 exclusion: orange crystal statue


Innate Abilities, Weirdness & Mutations

You cannot wear boots.
You can spit poison.
You can use your snake-like lower body to constrict enemies.
Your serpentine skin is tough (AC +4).
You have supernaturally acute eyesight.
Armour fits poorly on your strangely shaped body.
Your system is resistant to poisons.
You cover ground very slowly.
You have a pair of small antennae on your head.
You are surrounded by a mild repulsion field (EV +2).


Message History

The slime creature is lightly wounded.
The slime creature hits you!
* * * LOW HITPOINT WARNING * * *
You slash the slime creature.
The slime creature is lightly wounded.
The slime creature hits you!
* * * LOW HITPOINT WARNING * * *
The slime creature hits you.
* * * LOW HITPOINT WARNING * * *
The slime creature hits you but does no damage.
Drink which item? (? for menu, Esc to quit)
You feel better. The slime creature hits you.
* * * LOW HITPOINT WARNING * * *
The slime creature hits you!
* * * LOW HITPOINT WARNING * * *
Drink which item? (? for menu, Esc to quit)
You feel yourself speed up.
It was a potion of speed.
The slime creature hits you but does no damage.
The slime creature hits you!
You die...

..># #######......#
#####.####### .### #......#
#........ .# ##.##### #####'###
## ###.######## #.# ########
#..........#### #.# .......#
#.............#####'##
§§§....####..........##.##.....#
§......'..#.§§§J.....##..'.....#
§.§....##...§§§J@|...#####.....#
.......####.§§§......# #.....#
######## ############ #######


You could see 2 slime creatures.

Vanquished Creatures
  A minotaur (Lab)
  3 hydras
  A centaur warrior (D:13)
  An unseen horror (D:13)
  3 hill giants
  Pikel (D:5)
  Maurice (D:9)
  2 feature mimics
  A dragon zombie (D:13)
  A black mamba (Lair:1)
  10 slime creatures
  A yaktaur (D:10)
  A spiny frog (Lair:1)
  An ugly thing (D:12)
  Grinder (D:5)
  2 trolls
  A komodo dragon (Lair:2)
  Prince Ribbit (D:5)
  A wyvern (D:12)
  27 yaks
  2 hungry ghosts (D:9)
  6 hippogriffs
  A manticore (D:11)
  A necrophage (D:11)
  2 orc warriors
  A black bear (Lair:1)
  14 ice beasts
  6 ogres
  A phantom (D:10)
  3 sky beasts
  3 centaurs
  Sigmund (D:3)
  Duvessa (D:6)
  9 crocodiles
  A basilisk zombie (D:12)
  2 giant slugs (Lair:2)
  A yellow wasp zombie (D:10)
  5 water moccasins
  A soldier ant zombie (D:10)
  4 giant frogs
  18 big kobolds
  An agate snail (Lair:1)
  9 jellyfish (D:10)
  8 killer bees
  7 electric eels
  2 goliath beetles
  Dowan (D:6)
  14 crimson imps
  6 hounds
  A big kobold skeleton (D:12)
  2 shadows
  2 gnoll shamans
  4 iguanas
  A hound zombie (D:6)
  3 scorpions
  A hound skeleton (D:11)
  5 orc priests
  9 orc wizards
  A quasit (D:6)
  2 porcupines (Lair:2)
  6 sheep (Lair:2)
  7 worker ants
  2 worker ant zombies
  Ijyb (D:3)
  5 jellies
  A goliath beetle zombie (D:12)
  2 mummies
  9 adders
  A scorpion zombie (D:7)
  3 giant centipedes
  17 gnolls
  2 giant centipede zombies
  An adder zombie (D:11)
  2 iguana skeletons
  An adder skeleton (D:6)
  4 giant mites
  6 worms
  6 giant eyeballs
  A gnoll skeleton (D:5)
  2 oozes
  23 orcs
  2 ball pythons
  18 bats
  9 giant cockroaches
  22 goblins
  24 hobgoblins
  9 jackals
  5 quokkas
  4 giant geckos
  15 giant newts
  3 giant spores
  54 kobolds
  An orc skeleton (D:9)
  An orc zombie (D:9)
  26 rats
  3 ballistomycetes
  12 toadstools
533 creatures vanquished.

Vanquished Creatures (others)
  8 slime creatures (D:13)
  A troll (D:10)
  An ice beast (D:10)
  A crimson imp (D:5)
  A quasit (D:10)
  A scorpion (D:7)
  A worm (D:5)
  3 orcs
  2 hobgoblins
  A giant gecko (D:11)
  5 jackals (D:5)
  2 kobolds
  A rat (D:10)
  A rat skeleton (D:5)
  A fungus (D:7)
  76 toadstools
106 creatures vanquished.

Grand Total: 639 creatures vanquished

Notes
Turn   | Place    | Note
--------------------------------------------------------------
     0 | D:1      | sstrickl, the Naga Conjurer, began the quest for the Orb.
     0 | D:1      | Reached XP level 1. HP: 15/15 MP: 3/3
   286 | D:1      | Reached XP level 2. HP: 22/22 MP: 4/4
   873 | D:1      | Reached XP level 3. HP: 25/28 MP: 7/7
   877 | D:1      | Learned a level 2 spell: Throw Frost
   881 | D:1      | Learned a level 3 spell: Mephitic Cloud
  1161 | D:2      | Reached skill level 1 in Ice Magic
  1482 | D:2      | Reached skill level 1 in Air Magic
  1696 | D:2      | Reached XP level 4. HP: 29/36 MP: 9/9
  1892 | D:2      | Reached skill level 1 in Poison Magic
  2072 | D:3      | Noticed Sigmund
  2081 | D:3      | Gained mutation: You have a pair of small antennae on your head.
  2081 | D:3      | Gained mutation: You are surrounded by a mild repulsion field (EV +2).
  2090 | D:3      | Killed Sigmund
  2090 | D:3      | Reached XP level 5. HP: 12/42 MP: 1/11
  2657 | D:3      | Reached XP level 6. HP: 11/49 MP: 9/13
  2987 | D:3      | Noticed Ijyb
  2999 | D:3      | Killed Ijyb
  3302 | D:4      | Found a basalt altar of Yredelemnul.
  3702 | D:4      | Got an encrusted flail
  3720 | D:4      | Identified the flail of the Realm of Zot {crush, -TELE rPois Stlth++} (You found it on level 4 of the Dungeon)
  3896 | D:5      | Entered Level 5 of the Dungeon
  3901 | D:5      | Reached skill level 5 in Conjurations
  3901 | D:5      | Reached XP level 7. HP: 41/55 MP: 16/16
  3971 | D:5      | Noticed Pikel
  4002 | D:5      | Killed Pikel
  4002 | D:5      | Reached skill level 5 in Spellcasting
  4002 | D:5      | Reached XP level 8. HP: 46/62 MP: 14/19
  4015 | D:5      | Found a staircase to the Ecumenical Temple.
  4057 | Temple   | Entered the Ecumenical Temple
  4070 | Temple   | Became a worshipper of Vehumet
  4128 | D:5      | Reached skill level 5 in Air Magic
  4332 | D:5      | Noticed Grinder
  4350 | D:5      | HP: 2/62 [Grinder (6)]
  4352 | D:5      | Paralysed by Grinder for 4 turns
  4359 | D:5      | Killed Grinder
  4703 | D:5      | Noticed Prince Ribbit
  4708 | D:5      | Reached skill level 6 in Spellcasting
  4726 | D:5      | Killed Prince Ribbit
  4962 | D:5      | Learned a level 5 spell: Lightning Bolt
  5150 | D:6      | Reached XP level 9. HP: 37/68 MP: 21/21
  5179 | D:6      | Noticed a big kobold
  5180 | D:6      | Noticed a big kobold
  5182 | D:6      | Noticed a big kobold
  5183 | D:6      | Noticed a big kobold
  5184 | D:6      | Noticed a big kobold
  5188 | D:6      | Killed a big kobold
  5190 | D:6      | Noticed a big kobold
  5191 | D:6      | Noticed a big kobold
  5191 | D:6      | Noticed a big kobold
  5191 | D:6      | Killed a big kobold
  5192 | D:6      | Noticed a big kobold
  5193 | D:6      | Noticed a big kobold
  5194 | D:6      | Noticed a big kobold
  5194 | D:6      | Noticed a big kobold
  5195 | D:6      | Killed a big kobold
  5199 | D:6      | Killed a big kobold
  5204 | D:6      | Killed a big kobold
  5205 | D:6      | Noticed a big kobold
  5208 | D:6      | Noticed a big kobold
  5210 | D:6      | Killed a big kobold
  5214 | D:6      | Killed a big kobold
  5216 | D:6      | Killed a big kobold
  5216 | D:6      | Acquired Vehumet's first power
  5216 | D:6      | Reached skill level 7 in Spellcasting
  5217 | D:6      | Killed a big kobold
  5223 | D:6      | Noticed a big kobold
  5228 | D:6      | Killed a big kobold
  5236 | D:6      | Killed a big kobold
  5241 | D:6      | Killed a big kobold
  5242 | D:6      | Noticed a big kobold
  5247 | D:6      | Killed a big kobold
  5248 | D:6      | Killed a big kobold
  5248 | D:6      | Killed a big kobold
  5252 | D:6      | Killed a big kobold
  5273 | D:6      | Acquired Vehumet's second power
  5300 | D:6      | Got a polished battleaxe
  5301 | D:6      | Identified the battleaxe "Biecoc" {elec, Hunger rElec rC+ Int+3} (You took it off a big kobold on level 6 of the Dungeon)
  6459 | D:6      | Reached XP level 10. HP: 75/75 MP: 24/24
  6488 | D:6      | Noticed Duvessa
  6488 | D:6      | Noticed Dowan
  6513 | D:6      | Killed Dowan
  6515 | D:6      | Killed Duvessa
  6747 | D:6      | Reached skill level 8 in Spellcasting
  6842 | D:6      | Acquired Vehumet's third power
  7501 | D:7      | Found a blossoming altar of Fedhas.
  8256 | D:7      | Reached skill level 5 in Ice Magic
  8800 | D:8      | Found a staircase to the Orcish Mines.
  9621 | D:9      | Reached skill level 9 in Spellcasting
 10306 | D:9      | Found a burning altar of Makhleb.
 10319 | D:9      | Noticed Maurice
 10333 | D:9      | Killed Maurice
 10333 | D:9      | Reached XP level 11. HP: 72/81 MP: 27/27
 10356 | D:9      | Learned a level 6 spell: Freezing Cloud
 10623 | D:9      | Found a bloodstained altar of Trog.
 10647 | D:9      | Acquired Vehumet's fourth power
 10825 | D:9      | Paralysed by a giant eyeball for 3 turns
 11162 | D:9      | Paralysed by a giant eyeball for 4 turns
 11312 | D:10     | Entered Level 10 of the Dungeon
 11599 | D:10     | Learned a level 4 spell: Airstrike
 11657 | D:10     | Found a shimmering altar of Xom.
 12091 | D:10     | Reached skill level 10 in Spellcasting
 12507 | D:10     | Learned a level 3 spell: Flight
 12628 | D:10     | Noticed a yaktaur
 12637 | D:10     | Killed a yaktaur
 13184 | D:11     | Identified a -1 rod of destruction [inacc,magma,cold] (9/9) (You found it on level 11 of the Dungeon)
 14478 | D:12     | Reached skill level 11 in Spellcasting
 15075 | D:12     | Reached XP level 12. HP: 88/88 MP: 11/29
 15205 | D:12     | Paralysed by a giant eyeball for 2 turns
 16084 | D:13     | Found a staircase to the Lair.
 16123 | Lair:1   | Entered Level 1 of the Lair of Beasts
 16626 | Lair:1   | Found a frozen archway.
 16991 | Lair:1   | Reached skill level 10 in Air Magic
 17141 | Lair:1   | Reached skill level 12 in Spellcasting
 17968 | Lair:2   | Found a labyrinth entrance.
 17991 | Lab      | Entered a Labyrinth
 18704 | Lab      | Reached skill level 10 in Ice Magic
 18730 | Lab      | Got a pair of warped boots
 18730 | Lab      | Got a polished swamp dragon armour
 18749 | Lair:2   | Identified the +1 swamp dragon armour "Preenir" (You found it in a Labyrinth)
 18833 | Lair:2   | Reached skill level 10 in Conjurations
 20183 | D:13     | Found Xusij's Book Emporium.
 20303 | D:13     | Reached XP level 13. HP: 94/94 MP: 20/32
 20681 | D:13     | Reached skill level 13 in Spellcasting
 20683 | D:13     | Received a gift from Vehumet
 20800 | D:13     | You fall through a shaft!
 20800 | D:14     | Entered Level 14 of the Dungeon
 21251 | D:13     | HP: 2/94 [slime creature (10)]
 21252 | D:13     | Mangled by a slime creature
